 Dungeon Crawl Stone Soup version 0.23.0-3-gf3c87f2 (webtiles) character file.

Game seed: 10020491446547180830

42 Gorice the Chopper (level 3, -6/28 HPs)
             Began as a Minotaur Wanderer on Feb 23, 2019.
             Mangled by Sigmund
             ... wielding a +0 scythe
              (12 damage)
             ... on level 2 of the Dungeon.
             The game lasted 00:03:33 (955 turns).

Gorice the Chopper (Minotaur Wanderer)               Turns: 955, Time: 00:03:34

Health: -6/28      AC:  8    Str: 18    XL:     3   Next: 35%
Magic:  2/2        EV:  7    Int:  9    God:
Gold:   110        SH:  0    Dex:  8    Spells: 2/2 levels left

rFire    . . .     SeeInvis .   a - +0 hand axe
rCold    . . .     Gourm    .   (no shield)
rNeg     . . .     Faith    .   g - +0 chain mail (curse)
rPois    .         Spirit   .   (helmet restricted)
rElec    .         Reflect  .   (no cloak)
rCorr    .         Harm     .   (no gloves)
MR       .....                  (no boots)
Stlth    ..........             (no amulet)
HPRegen  0.09/turn              (no ring)
MPRegen  0.08/turn              (no ring)

@: confused, berserk cooldown, slowed, very slow
A: retaliatory headbutt, horns 2
a: no special abilities


You were on level 2 of the Dungeon.
You were not hungry.

You visited 1 branch of the dungeon, and saw 2 of its levels.

You collected 110 gold pieces.

Inventory:

Hand Weapons
 a - a +0 hand axe (weapon)
Missiles
 Y - 59 stones (quivered)
Armour
 d - a +0 robe
 g - a cursed +0 chain mail (worn)
Potions
 b - a potion of heal wounds {unknown}
 e - a potion of haste {unknown}
 h - a potion of berserk rage
Comestibles
 c - 2 chunks of flesh
 f - 3 rations


   Skills:
 - Level 1.2 Fighting
 * Level 4.1 Axes
 + Level 1.2 Armour
   Level 1.2 Shields
   Level 2.9 Translocations
   Level 1.0 Earth Magic
   Level 1.0 Evocations


You had 2 spell levels left.
You didn't know any spells.
Your spell library contained the following spells:

 Spells                   Type           Power        Failure   Level  Hunger
 Blink                    Tloc           N/A          95%         2    ###....
 Flame Tongue             Conj/Fire      #....        99%         1    ##.....
 Shroud of Golubria       Chrm/Tloc      #.........   99%         2    ###....
 Gell's Gravitas          Tloc           #.........   99%         3    ####...
 Lesser Beckoning         Tloc           #.........   99%         3    ####...
 Teleport Other           Tloc           #.......     99%         3    ####...
 Conjure Flame            Conj/Fire      #.......     100%        3    ####...
 Passage of Golubria      Tloc           N/A          100%        4    #####..


Dungeon Overview and Level Annotations

Branches:
Dungeon (2/15)

Altars:

Annotations:
D:2 Sigmund


Innate Abilities, Weirdness & Mutations

You reflexively headbutt those who attack you in melee.
You have a pair of horns on your head.


Message History

You continue putting on your chain mail. x5
You finish putting on your cursed +0 chain mail.
Oops, that feels deathly cold.
Some of the chunks of flesh in your inventory have rotted away.
Sigmund the Dreaded comes into view.
He is wielding a +0 scythe.
Sigmund shouts!
Found 8 gold pieces.
Sigmund points at you and mumbles some strange words.
The magic dart hits you.
Damage: 2 (max 2) Sigmund gestures at you while chanting.
The puff of flame hits you.
Damage: 5 (max 5) Sigmund gestures at you while chanting.
The puff of flame hits you!
* * * LOW HITPOINT WARNING * * *
Damage: 10 (max 10) Sigmund gestures at you while chanting.
You are confused.
You're too confused to move!
You bump into the rock wall.
Sigmund points at you and mumbles some strange words.
You resist with significant effort.
Unknown command.
It was a potion of berserk rage.
A red film seems to cover your vision as you go berserk!
You feel yourself moving faster!
You feel mighty!
Sigmund casts a spell.
Sigmund flickers and vanishes!
Deactivating autopickup; reactivate with Ctrl-A.
You are too berserk!
You bump into the rock wall.
You feel a strong urge to attack something.
You bump into the rock wall.
You bump into the rock wall.
You feel your anger nearly subside.
You bump into the rock wall.
You are no longer berserk.
You are exhausted.
You feel yourself slow down.
You're too confused to attack without stumbling around!
Damage: 2 (max 2)
You feel less confused. Something hits you but does no damage.
You hear some strange, mumbled words.
You are confused.
You hear some strange, mumbled words.
Something tries to affect you, but you resist.
Something hits you!
You die...

#.#.## #.### #.# ##.#
#+# #..# #.########
#.## ##### #.#......
#.# ##...####.#.##..#
#.# ##.....##....##..#
#.###.@....รท.....##..#
#.......#............#
#####.......##<#.###.#
##.....###.#.###.#
##...## #.#.....# #####
#.####### #.# #.# #.#


There were no monsters in sight!

Vanquished Creatures
  An adder (D:2)
  An ooze (D:1)
  2 dart slugs
  A leopard gecko (D:1)
  5 goblins (D:1)
  3 hobgoblins (D:1)
  2 kobolds (D:1)
  A ball python (D:1)
  A bat (D:1)
  3 frilled lizards (D:1)
  4 rats (D:1)
24 creatures vanquished.

Notes
Turn   | Place    | Note
-------+----------+-------------------------------------------
     0 | D:1      | Gorice the Minotaur Wanderer began the quest for the Orb.
     0 | D:1      | Gorice set off with the following items: a +0 hand axe, a
                  | +0 robe, a ration; and the following spell memorised: Flame
                  | Tongue; and the following spells available to memorise:
                  | Blink, Shroud of Golubria, Gell's Gravitas, Lesser
                  | Beckoning, Teleport Other, Conjure Flame, Passage of
                  | Golubria
     0 | D:1      | Reached XP level 1. HP: 16/16 MP: 0/0
    62 | D:1      | Reached skill level 2 in Axes
   356 | D:1      | Reached XP level 2. HP: 14/23 MP: 1/1
   423 | D:1      | Reached skill level 3 in Axes
   791 | D:1      | Reached XP level 3. HP: 21/28 MP: 2/2
   874 | D:2      | Reached skill level 4 in Axes
   932 | D:2      | Noticed Sigmund
   939 | D:2      | HP: 5/28 [Sigmund/puff of flame (10)]
   955 | D:2      | Mangled by Sigmund

Skill      XL: |  1  2  3 |
---------------+----------+-----
Axes           | 2 3 4 |  4.1
Fighting       | |  1.2
Armour         | |  1.2
Shields        | |  1.2
Translocations | |  2.9
Earth Magic    | |  1.0
Evocations     | |  1.0

Action                   || total
-------------------------++-------
Melee: Hand axe          ||    46
       Headbutt          ||     3
  Use: Scroll            ||     2
       Potion            ||     1
 Stab: Sleeping          ||     1
Armor: Robe              ||     4
       Chain mail        ||     1
Dodge: Dodged            ||    19

Table legend:
 A = Turns spent in this place as a percentage of turns spent in the entire game.
 B = Non-inter-level travel turns spent in this place as a percentage of non-inter-level travel turns spent in the entire game.
 C = Inter-level travel turns spent in this place as a percentage of turns spent in this place.
 D = Turns resting spent in this place as a percentage of non-inter-level travel turns spent in this place.
 E = Turns spent auto-exploring this place as a percentage of non-inter-level travel turns spent in this place.
 F = Non-inter-level travel turns spent in this place divided by the number of levels of this place that you've seen.
                   A       B       C       D       E      F
               +-------+-------+-------+-------+-------+----------------------
         Total | 100.0 | 100.0 |   0.0 |  48.4 |  20.5 | 477.5
       Dungeon | 100.0 | 100.0 |   0.0 |  48.4 |  20.5 | 477.5
               +-------+-------+-------+-------+-------+----------------------

Levels and vault maps discovered:
D:1:      ebering_hopf_link, layout_rooms
D:2:      layout_loops_corners, uniq_sigmund
